Cogmind - Beta 14 @@@ ROGUE MODE // 2024.10.07 @ 15:59:24 Player: Zane Result: Destroyed by G-47 Trooper with Particle Gun Performance ------------- Evolutions (3) 1500 Regions Visited (7) 1400 Robots Destroyed (96) 480 Value Destroyed (3102) 3102 Prototype IDs (10) 200 Alien Tech Used (0) 0 Bonus (355) 355 TOTAL SCORE: 7037 Bonus ------- High Alert Combat Kills 155 Entered Garrisons 200 Cogmind --------- Core Integrity 0/700 Matter 262/300 Energy 95/100 System Corruption 4% Temperature Cool (6) Movement Core (100) Ox1 Location -7/Garrison Parts ------- > --- POWER (1) -------- (None) > --- PROPULSION (3) --- Cooled VTOL Module > --- UTILITY (6) ------ Targeting Computer Hardlight Generator Hacking Suite System Shield > --- WEAPON (3) ------- (None) > --- INVENTORY (5) ---- (None) Peak State ------------ > --- POWER ------------ Improved Deuterium Engine > --- PROPULSION ------- VSS Leg Improved Titanium Leg Cooled VTOL Module > --- UTILITY ---------- Improved Heat Sink Advanced Visual Processing Unit Targeting Computer Improved Light Armor Plating Hacking Suite System Shield > --- WEAPON ----------- Gatling Laser Heavy Ion Cannon Axe > --- INVENTORY -------- Hardened Medium Armor Plating Hardlight Generator Hacking Suite [Rating: 43] Favorites ----------- Power Light Nuclear Core Engine Ion Engine Power Core Light Nuclear Core Propulsion Aluminum Leg Treads Armored Treads Leg Aluminum Leg Flight Unit Cooled VTOL Module Utility Hacking Suite Device Cooling System Storage Small Storage Unit Processor Targeting Computer Hackware Hacking Suite Protection Core Shielding Weapon Enhanced Autogun Energy Gun Particle Gun Energy Cannon Heavy Ion Cannon Ballistic Gun Enhanced Autogun Launcher Rocket Launcher Slashing Weapon Katana Build | -11 -10 -10 -9 -8 -7 -7 -7 ------- Run | Yrd Mat Min Mat Mat Fac Sto Gar Slots Evolved 6 | . . . 2 2 2 . . Power . | . . . . . . . . Propulsion 1 | . . . . . 1 . . Utility 4 | . . . 2 1 1 . . Weapon 1 | . . . . 1 . . . Parts Attached 97 | 6 6 12 17 21 17 14 4 Power 18 | 1 3 2 4 3 1 3 1 Engine 10 | 1 2 1 3 1 . 2 . Core 8 | . 1 1 1 2 1 1 1 Reactor . | . . . . . . . . Propulsion 30 | 2 2 4 4 7 10 1 . Treads 2 | . . . . . 2 . . Leg 27 | 2 2 4 4 7 8 . . Wheel . | . . . . . . . . Hover . | . . . . . . . . Flight 1 | . . . . . . 1 . Utility 22 | 1 1 1 5 5 3 3 3 Device 4 | . . . 1 . . 2 1 Storage 2 | 1 . 1 . . . . . Processor 3 | . . . 1 2 . . . Hackware 5 | . . . 1 2 1 . 1 Protection 8 | . 1 . 2 1 2 1 1 Artifact . | . . . . . . . . Weapon 27 | 2 . 5 4 6 3 7 . Energy Gun 6 | . . 2 . . 1 3 . Energy Cannon 2 | . . . . . . 2 . Ballistic Gun 12 | 2 . 1 4 3 1 1 . Ballistic Cannon . | . . . . . . . . Launcher 5 | . . 2 . 2 1 . . Special Weapon . | . . . . . . . . Impact Weapon . | . . . . . . . . Slashing Weapon 2 | . . . . 1 . 1 . Piercing Weapon . | . . . . . . . . Special Melee Weapon . | . . . . . . . . Unidentified Prototypes 3 | . . . . 1 1 1 . Parts Lost 47 | . 3 1 11 5 2 22 3 Power 11 | . 1 . 3 2 1 3 1 Propulsion 8 | . . 1 2 1 1 3 . Utility 12 | . . . 3 1 . 6 2 Weapon 16 | . 2 . 3 1 . 10 . Highest Loss Streak 13 | . 2 1 7 2 1 13 3 To Critical Strikes . | . . . . . . . . Average Slot Usage (%) 93 | . 97 99 95 97 98 74 61 Engine 4 | . 12 3 7 2 . 2 . Core 5 | . 1 10 2 6 6 3 7 Treads 1 | . . . . . 5 . . Leg 19 | . 28 27 21 17 15 14 . Device 1 | . . . 4 . . 2 15 Storage 7 | . 14 14 11 7 . . . Processor 8 | . . . 5 15 15 13 7 Hackware 10 | . . . 11 13 21 15 15 Protection 9 | . 13 14 9 9 7 4 7 Energy Gun 3 | . . 12 2 . . 2 . Ballistic Gun 12 | . 27 1 18 15 13 2 . Launcher 3 | . . 14 . 2 1 2 . Slashing Weapon 3 | . . . . 8 7 3 . Peak Build Rating 43 | 6 9 12 16 31 42 43 24 Average Rating 20 | 4 7 10 13 25 38 31 23 On Entrance 15 | . 6 6 12 14 30 42 13 Naked Turns . | . . . . . . . . Heaviest Build 29 | 14 15 18 21 27 26 29 19 Greatest Support 47 | 20 20 20 20 25 47 47 3 Greatest Overweight (x) 6 | 1 . 1 1 1 2 3 6 Average Overweight (x) . | . . . . . . . 5 Largest Inventory Capacity 8 | 8 8 8 8 8 5 5 5 Average Capacity 6 | 7 8 8 8 7 5 5 5 Most Carried 8 | 4 8 8 8 8 5 5 3 Average Carried 5 | 2 7 7 6 6 4 3 . Final Capacity 8 | 8 8 8 8 5 5 5 5 Final Carried 8 | 4 8 8 6 5 5 4 . Class Distribution -------------------- 48% | Scavenger-Mutant 27% | Hacker-Mutant 21% | Mutant Dominant Class ---------------- Mutant | -10/Materials Scavenger-Mutant | -10/Mines Scavenger-Mutant | -9/Materials Scavenger-Mutant | -8/Materials Hacker-Mutant | -7/Factory Hacker-Mutant | -7/Storage Hacker-Mutant | -7/Garrison Resources | -11 -10 -10 -9 -8 -7 -7 -7 ----------- Run | Yrd Mat Min Mat Mat Fac Sto Gar Matter Collected 2221 | 230 292 201 180 479 547 292 . Remotely . | . . . . . . . . Salvage Created 3416 | . 346 293 308 673 1229 567 . Parts 192 | . 29 21 25 37 58 22 . Haulers Intercepted 2 | . . . 1 1 . . . Recyclers Shooed 7 | . . . 1 4 1 1 . Parts Field Recycled . | . . . . . . . . Retrieved Matter . | . . . . . . . . Parts Self-Destructed . | . . . . . . . . Prevented . | . . . . . . . . Kills | -11 -10 -10 -9 -8 -7 -7 -7 ------- Run | Yrd Mat Min Mat Mat Fac Sto Gar Combat Hostiles Destroyed 71 | . 8 10 7 13 23 10 . Melee 5 | . . . . 1 4 . . Guns 42 | . 8 7 6 7 10 4 . Cannons 1 | . . . . . . 1 . AOE 20 | . . 3 . 5 9 3 . Classes Destroyed 15 | . 5 2 2 2 2 2 . Worker 3 | . 1 . . . 1 1 . Builder 4 | . . 1 . 2 1 . . Hauler 2 | . . . 1 1 . . . Recycler 7 | . . 1 . . 4 2 . Mechanic 1 | . . . . 1 . . . Operator 4 | . 1 . . 2 1 . . Watcher 4 | . 1 . 2 1 . . . Swarmer 16 | . 2 6 3 . 5 . . Grunt 36 | . 6 4 . 8 14 4 . Brawler 1 | . . . . . . 1 . Duelist 1 | . . . . . 1 . . Sentry 14 | . . . 4 4 2 4 . Hunter 1 | . . . . 1 . . . Programmer 1 | . . . . . . 1 . Heavy 1 | . . . . . 1 . . Best Kill Streak 8 | . 3 6 3 6 7 8 . Combat Bots Only 6 | . 3 6 3 4 6 5 . Max Kills in Single Turn 2 | . 1 2 1 2 2 2 . Gunslinging . | . . . . . . . . Exploded 2 | . . 1 . 2 2 1 . Melee 1 | . . . . 1 1 . . Uniques/NPCs Destroyed . | . . . . . . . . Combat | -11 -10 -10 -9 -8 -7 -7 -7 -------- Run | Yrd Mat Min Mat Mat Fac Sto Gar Hostile Shots Fired 859 | . 66 42 78 73 137 413 50 Missed 305 | . 11 14 22 23 45 174 16 Damage Taken 6466 | . 682 329 853 860 1175 2159 408 Core 1221 | . 123 59 195 134 83 565 62 Absorbed by Shields 136 | . . . . . . . 136 Redirected to Shielding 73 | . 27 14 9 20 3 . . Regen/Repaired (Parts) 295 | . . . . 198 97 . . Core Remaining (%) 63 | 100 . 27 51 75 . . . Volleys Fired 267 | . 39 36 52 48 45 47 . Largest 3 | . 2 2 2 3 2 2 . Hottest 145 | . 40 73 88 70 64 145 . Shots Fired 452 | . 76 41 96 90 89 60 . Gun 395 | . 76 35 96 82 82 24 . Cannon 29 | . . . . . . 29 . Launcher 28 | . . 6 . 8 7 7 . Special . | . . . . . . . . Kinetic 352 | . 76 13 85 82 82 14 . Thermal 70 | . . 22 11 . . 37 . Explosive 28 | . . 6 . 8 7 7 . Electromagnetic 2 | . . . . . . 2 . Robot Hit Streak 17 | . 10 3 17 11 12 15 . Robot Miss Streak 9 | . 4 5 6 9 2 5 . Penetration Max . | . . . . . . . . Secondary Targets 1 | . . . . . 1 . . Max Gunslinging Chain 1 | . . . . . 1 . . Shots Hit Robots 319 | . 45 19 57 71 75 52 . Core Hits 183 | . 20 16 18 47 56 26 . Critical Kills . | . . . . . . . . Critical Parts Destroyed 2 | . 1 . . 1 . . . Critical Strikes 8 | . 1 . . 4 1 2 . Destroy 2 | . 1 . . 1 . . . Sever 6 | . . . . 3 1 2 . Melee Attacks 35 | . . . . 15 12 8 . Impact . | . . . . . . . . Slashing 35 | . . . . 15 12 8 . Piercing . | . . . . . . . . Sneak Attacks 6 | . . . . 3 3 . . Combat Hostiles . | . . . . . . . . Follow-up Attacks . | . . . . . . . . Damage Inflicted 8078 | . 571 526 765 1947 2310 1959 . Guns 3564 | . 561 192 740 617 1064 390 . Cannons 655 | . . . . . . 655 . Explosions 2678 | . . 317 . 864 786 711 . Melee 1128 | . . . . 466 460 202 . Ramming 53 | . 10 17 25 . . 1 . Kinetic 3060 | . 561 53 600 617 1064 165 . Thermal 1119 | . . 139 140 . . 840 . Explosive 2678 | . . 317 . 864 786 711 . Electromagnetic 40 | . . . . . . 40 . Impact . | . . . . . . . . Slashing 1128 | . . . . 466 460 202 . Piercing . | . . . . . . . . Highest Corruption 4 | . . . . . . 4 4 Average Corruption 3 | . . . . . . 3 4 Corruption Purged . | . . . . . . . . Corruption Blocked . | . . . . . . . . Effects 7 | . . . . . . 1 6 Message Errors 2 | . . . . . . . 2 Matter Fused 2 | . . . . . . . 2 Heat Flow Errors 1 | . . . . . . . 1 Energy Discharges 1 | . . . . . . . 1 Data Loss (minor) 1 | . . . . . . 1 . Overload Shots . | . . . . . . . . Overflow Damage 176 | . . 7 . 116 26 27 . Projectiles . | . . . . . . . . Explosions 60 | . . 7 . 26 . 27 . Melee 116 | . . . . 90 26 . . Knockbacks 1 | . . . 1 . . . . Impact 1 | . . . 1 . . . . Kinetic . | . . . . . . . . Secondary . | . . . . . . . . Self-Inflicted Damage 211 | . . 59 . 56 . 96 . Shots 7 | . . 2 . 2 . 3 . Rammed 1 | . . . . . . 1 . Targets Rammed 12 | . 1 4 6 . . 1 . Kicked 11 | . 1 4 6 . . . . Crushed . | . . . . . . . . Highest Temperature 228 | . 20 53 11 87 101 228 98 Average Temperature 38 | . 4 18 1 31 27 71 62 Received Heat Transfer 2082 | . 315 78 180 261 348 669 231 Siege Activations . | . . . . . . . . Robots Corrupted . | . . . . . . . . Combat Hostiles . | . . . . . . . . Parts Fried . | . . . . . . . . Impact Corruptions . | . . . . . . . . Robots Melted 3 | . . . 1 . . 2 . Combat Hostiles 3 | . . . 1 . . 2 . Parts Melted 5 | . . 1 2 . . 2 . Heat Transferred 1959 | . . 325 333 . . 1301 . Parts Sabotaged . | . . . . . . . . Parts Stolen . | . . . . . . . . Parts Stripped . | . . . . . . . . Power Chain Reactions . | . . . . . . . . Alert | -11 -10 -10 -9 -8 -7 -7 -7 ------- Run | Yrd Mat Min Mat Mat Fac Sto Gar Peak Influence 620 | . 265 326 212 341 620 537 322 Initial 322 | . . 39 48 . 86 282 322 Average 196 | . 112 168 62 197 296 425 321 Maximum Alert Level 2 | . 1 1 1 1 2 2 1 Low Security (%) 56 | 100 74 71 96 54 29 . . Level 1 34 | . 25 28 3 45 51 31 100 Level 2 8 | . . . . . 18 68 . Level 3 . | . . . . . . . . Level 4 . | . . . . . . . . Level 5 . | . . . . . . . . High Security . | . . . . . . . . Max Security . | . . . . . . . . Squads Dispatched 10 | . 2 . 1 1 3 3 . Investigation . | . . . . . . . . Extermination . | . . . . . . . . Reinforcement 7 | . 2 . 1 1 3 . . Assault . | . . . . . . . . Garrison 3 | . . . . . . 3 . Intercept . | . . . . . . . . Searches Triggered . | . . . . . . . . Construction Impeded . | . . . . . . . . Haulers Reinforced 1 | . . . . . 1 . . Active Scanning Responses . | . . . . . . . . Cargo Convoy Interrupts . | . . . . . . . . Stealth | -11 -10 -10 -9 -8 -7 -7 -7 --------- Run | Yrd Mat Min Mat Mat Fac Sto Gar Distress Signals 7 | . 2 . 2 2 1 . . Communications Jammed . | . . . . . . . . Distress Signals . | . . . . . . . . Times Spotted 119 | . 19 10 16 24 29 16 5 Peak Tracking Total 6 | . 6 3 6 4 5 5 5 Tactical Retreats 8 | . 3 . . 3 2 . . Traps | -11 -10 -10 -9 -8 -7 -7 -7 ------- Run | Yrd Mat Min Mat Mat Fac Sto Gar Traps Triggered 1 | . 1 . . . . . . Indirectly . | . . . . . . . . Trap Hack Attempts . | . . . . . . . . Triggered . | . . . . . . . . Disarmed . | . . . . . . . . Reprogrammed . | . . . . . . . . Reused . | . . . . . . . . Traps Extracted . | . . . . . . . . Installed . | . . . . . . . . Triggered . | . . . . . . . . Machines | -11 -10 -10 -9 -8 -7 -7 -7 ---------- Run | Yrd Mat Min Mat Mat Fac Sto Gar Machines Disabled 5 | . . . . 2 . 3 . Max in Single Turn 2 | . . . . 1 . 2 . Garrison Access 1 | . . . . 1 . . . Machines Repaired . | . . . . . . . . Machines Dismantled . | . . . . . . . . Machines Sabotaged . | . . . . . . . . Overloaded Fab Kills . | . . . . . . . . Hacking | -11 -10 -10 -9 -8 -7 -7 -7 --------- Run | Yrd Mat Min Mat Mat Fac Sto Gar Machines Accessed 21 | . 4 1 3 6 2 4 1 Terminals 17 | . 4 1 3 4 1 3 1 Fabricators . | . . . . . . . . Repair Stations 2 | . . . . 1 1 . . Recycling Units . | . . . . . . . . Scanalyzers . | . . . . . . . . Garrison Access 2 | . . . . 1 . 1 . Total Hacks 61 | . 6 2 8 25 13 6 1 Successful 36 | . 4 1 3 15 10 3 . Failed 25 | . 2 1 5 10 3 3 1 Catastrophic 6 | . . . 1 2 1 2 . Database Lockouts . | . . . . . . . . Manual 27 | . 4 2 5 6 9 1 . Terminals 48 | . 6 2 8 15 11 5 1 Fabricators . | . . . . . . . . Repair Stations 9 | . . . . 7 2 . . Recycling Units . | . . . . . . . . Scanalyzers . | . . . . . . . . Garrison Access 4 | . . . . 3 . 1 . Terminal Hacks 26 | . 4 1 3 8 8 2 . Record 1 | . . . . . . 1 . Robot Schematic 1 | . . . . . 1 . . Robot Analysis 1 | . 1 . . . . . . Prototype ID Bank 5 | . 1 . 1 2 1 . . Open Door 1 | . . . . . . 1 . Level Access Points 1 | . . . . 1 . . . Branch Access Points 4 | . 1 1 . 1 1 . . Fabricator Index 1 | . . . . . 1 . . Repair Station Index 1 | . . . . . 1 . . Alert Level 1 | . . . . . 1 . . Locate Traps 3 | . . . 1 1 1 . . Hauler Manifests 2 | . . . . 1 1 . . Zone Layout 4 | . 1 . 1 2 . . . Fabricator Hacks . | . . . . . . . . Repair Station Hacks 8 | . . . . 6 2 . . Scan Component 4 | . . . . 3 1 . . Repair 4 | . . . . 3 1 . . Recycling Unit Hacks . | . . . . . . . . Scanalyzer . | . . . . . . . . Garrison Access Hacks 2 | . . . . 1 . 1 . Unlock Access 1 | . . . . . . 1 . Seal Access 1 | . . . . 1 . . . Unauthorized Hacks . | . . . . . . . . Terminals . | . . . . . . . . Fabricators . | . . . . . . . . Repair Stations . | . . . . . . . . Recycling Units . | . . . . . . . . Scanalyzers . | . . . . . . . . Garrison Access . | . . . . . . . . Data Cores Recovered . | . . . . . . . . Used . | . . . . . . . . Hacking Detections 18 | . 2 1 3 6 2 3 1 Full Trace Events . | . . . . . . . . Feedback Events . | . . . . . . . . Feedback Blocked . | . . . . . . . . Robot Schematics Acquired 1 | . . . . . 1 . . Robots Built . | . . . . . . . . Authchips . | . . . . . . . . Time . | . . . . . . . . Total Robot Build Rating . | . . . . . . . . Part Schematics Acquired . | . . . . . . . . Parts Built . | . . . . . . . . Authchips . | . . . . . . . . Time . | . . . . . . . . Total Part Build Rating . | . . . . . . . . Parts Repaired 4 | . . . . 3 1 . . Time 127 | . . . . 108 19 . . Parts Recycled . | . . . . . . . . Recycled Matter . | . . . . . . . . Retrieved Matter . | . . . . . . . . Retrieved Components . | . . . . . . . . Parts Scanalyzed . | . . . . . . . . Part Schematics Acquired . | . . . . . . . . Parts Damaged . | . . . . . . . . Bothacking | -11 -10 -10 -9 -8 -7 -7 -7 ------------ Run | Yrd Mat Min Mat Mat Fac Sto Gar Used RIF Installer . | . . . . . . . . Robots Hacked . | . . . . . . . . Non-combat . | . . . . . . . . Combat . | . . . . . . . . Robot Hacks Applied . | . . . . . . . . Relay Couplers Released . | . . . . . . . . Fabnet Peak Effective % . | . . . . . . . . Robots Rewired . | . . . . . . . . Allies Hacked . | . . . . . . . . Hacks Repelled . | . . . . . . . . Allies | -11 -10 -10 -9 -8 -7 -7 -7 -------- Run | Yrd Mat Min Mat Mat Fac Sto Gar Total Allies . | . . . . . . . . Largest Group . | . . . . . . . . Highest-Rated Group . | . . . . . . . . Highest-Rated Ally . | . . . . . . . . Total Orders . | . . . . . . . . Ally Attacks . | . . . . . . . . Total Damage . | . . . . . . . . Kills . | . . . . . . . . Allies Corrupted . | . . . . . . . . Allies Melted . | . . . . . . . . Intel | -11 -10 -10 -9 -8 -7 -7 -7 ------- Run | Yrd Mat Min Mat Mat Fac Sto Gar Robot Analysis Total 1 | . 1 . . . . . . Derelict Logs Recovered 2 | . . 2 . . . . . Drone Launches . | . . . . . . . . Drone Recoveries . | . . . . . . . . Exploration | -11 -10 -10 -9 -8 -7 -7 -7 ------------- Run | Yrd Mat Min Mat Mat Fac Sto Gar Turns Passed 4167 | 63 420 788 811 807 714 348 216 Spaces Moved 2154 | 37 227 555 397 324 382 171 61 Core 97 | 1 . . . . . 35 61 Treads . | . . . . . . . . Legs 2057 | 36 227 555 397 324 382 136 . Wheels . | . . . . . . . . Hover . | . . . . . . . . Flight . | . . . . . . . . Fastest Speed 50 | 50 120 120 120 120 110 50 200 Average Speed 136 | 137 120 121 150 139 125 116 347 Slowest Speed 350 | 190 120 190 190 190 260 200 350 Overloaded Moves . | . . . . . . . . Propulsion Burnouts . | . . . . . . . . Robots Hopped . | . . . . . . . . Cave-ins Triggered . | . . . . . . . . Exploration Rate (%) 35 | 4 46 97 29 40 13 31 22 Regions Visited 7 Branch Regions 2 Pre-discovered Areas 3 | . . 3 . . . . . Known Exits Taken 4 | . 1 . . 1 1 1 . Unknown Exits Taken 3 | 1 . 1 1 . . . . Scrap Searched 1 | . . 1 . . . . . Spaces Dug 12 | . . . . 12 . . . Terrain Destroyed 293 | . . 48 . 105 72 68 . Melee . | . . . . . . . . Projectile 2 | . . . . . . 2 . AOE 291 | . . 48 . 105 72 66 . Terrain Rammed . | . . . . . . . . Walls Destroyed . | . . . . . . . . Machines Disabled . | . . . . . . . . Actions | -11 -10 -10 -9 -8 -7 -7 -7 --------- Run | Yrd Mat Min Mat Mat Fac Sto Gar Total 2931 | 46 300 632 515 587 543 243 65 Wait 296 | . 19 16 34 152 73 2 . Move 2147 | 36 226 554 396 323 381 170 61 Hop . | . . . . . . . . Pick Up 36 | 4 5 4 7 11 4 1 . Fast Attach 42 | 6 1 1 7 9 8 10 . Attach 21 | . 1 2 7 3 1 3 4 Detach . | . . . . . . . . Swap 34 | . 4 9 3 9 8 1 . Drop 41 | . 4 6 3 17 11 . . Fire 267 | . 39 36 52 48 45 47 . Melee 35 | . . . . 15 12 8 . Ram 1 | . . . . . . 1 . Kick 11 | . 1 4 6 . . . . Crush . | . . . . . . . . Escape Stasis . | . . . . . . . . Rewire . | . . . . . . . . Trap . | . . . . . . . . Miscellaneous . | . . . . . . . . Route ------- -11/Scrapyard -10/Materials (discovered 3 exits: Mat / *Min x2) -10/Mines (discovered 2 exits: *Mat x2) -9/Materials -8/Materials (discovered 3 exits: *Fac x3) -7/Factory (discovered 3 exits: *Sto / Low x2) -7/Storage -7/Garrison History --------- Turn | Location | Event 2 | -11/Scrapyard | Met Revision 17 16 | -11/Scrapyard | Discovered new exit (range 15) 64 | -11/Scrapyard | Entered Materials 303 | -10/Materials | Build established: Mutant 366 | -10/Materials | Discovered new exit (range 15) 427 | -10/Materials | Identified exit to Mines 450 | -10/Materials | Discovered new exit (range 20) 484 | -10/Materials | Entered Mines 538 | -10/Mines | Discovered new exit (range 5) 542 | -10/Mines | Core integrity fell below 50% 593 | -10/Mines | Received a Rocket Launcher from a helpful Derelict 657 | -10/Mines | Discovered new exit (range 11) 973 | -10/Mines | Learned location of Zion (-7) 993 | -10/Mines | Learned location of Storage (-7) 1156 | -10/Mines | Build established: Scavenger-Mutant 1272 | -10/Mines | Entered Materials 1272 | -9/Materials | Evolved 2 slots: Utility x2 1590 | -9/Materials | Discovered new exit (range 13) 1675 | -9/Materials | Lost 7 parts (1p2n2u2w) 2083 | -9/Materials | Entered another Materials area 2083 | -8/Materials | Evolved 2 slots: Utility x1, Weapon x1 2192 | -8/Materials | Identified exit to Factory 2817 | -8/Materials | Repaired Hvy. Rocket Launcher 2844 | -8/Materials | Repaired Aluminum Leg 2883 | -8/Materials | Repaired Carbon-fiber Leg 2890 | -8/Materials | Entered Factory 2890 | -7/Factory | Evolved 2 slots: Propulsion x1, Utility x1 3033 | -7/Factory | Identified exit to Storage 3033 | -7/Factory | Identified exit to Lower Caves 3258 | -7/Factory | Repaired Carbon-fiber Leg 3305 | -7/Factory | Build established: Hacker-Mutant 3604 | -7/Factory | Entered Storage 3734 | -7/Storage | Garrison activated, responded to threat 3793 | -7/Storage | Lost 8 parts (1p1n2u4w) 3879 | -7/Storage | Core integrity fell below 50% 3922 | -7/Storage | Core integrity fell below 20% 3948 | -7/Storage | Identified exit to Garrison 3952 | -7/Storage | Entered Garrison 3980 | -7/Garrison | Lost 13 parts (2p2n4u5w) 4062 | -7/Garrison | Triggered checkpoint 4164 | -7/Garrison | Triggered checkpoint 4168 | -7/Garrison | Destroyed by G-47 Trooper with Particle Gun Last Messages --------------- 03948_ EXIT=UNLOCKED: GARRISON 03949_ Shock Rifle destroyed. 03949_ U-05 Engineer lays Concrete. LOCATION=GARRISON GOAL=ESCAPE 03966_ X>9MRVPQ5E9D VRG5HZFTCHKSRA 03987_ System corrupted: Heat flow error (+134). 04016_ Connecting with Garrison Terminal... 04025_ System corrupted: Matter fused (-8). 04062_ Beams of light sweep through the air. An alarm sounds. 04077_ TSH19